 Dungeon Crawl Stone Soup version 0.19-a0-1508-g2ac1aae (webtiles) character file.

124973 TheGoonsmith the Devastator (level 16, 0/79 HPs)
             Began as a Gargoyle Fire Elementalist on Sept 10, 2016.
             Was a High Priest of Sif Muna.
             Slain by a redback (9 damage)
             ... on level 2 of the Spider Nest.
             The game lasted 01:25:50 (32964 turns).

TheGoonsmith the Devastator (GrFE)                 Turns: 32964, Time: 01:25:51

Health: 0/79       AC: 35    Str: 23    XL:     16   Next: 94%
Magic:  9/38       EV: 13    Int: 25    God:    Sif Muna [*****.]
Gold:   1437       SH:  5    Dex: 14    Spells: 8 memorised, 7 levels left

rFire  + . .     SeeInvis .     a - +2 eveningstar
rCold  . . .     Gourm    .     s - +4 ring mail {rF+}
rNeg   + . .     Faith    .     u - +0 buckler
rPois  ∞         Spirit   .     (helmet restricted)
rElec  +         Dismiss  +     H - +2 cloak {MR+}
rCorr  .         Reflect  .     l - +2 pair of gloves "Qeinnego" {*Contam rPois MR+}
MR     +++..     Harm     .     D - +0 pair of boots {run}
Stlth  +......... Clarity  +    P - amulet of the Camelopard {Dismiss Str+4 Int+5 Dex+4}
                                L - ring of magical power
                                K - +3 ring of protection

@: repel missiles, divine energy, quick
A: big wings, horns 1, blurry vision 1, clarity, frail 1, negative energy
resistance 1, shaggy fur 1, electricity resistance, strong 2, unbreathing,
petrification resistance, rot immunity, AC +11
a: Fly, Stop Divine Energy, Channel Magic, Forget Spell, Renounce Religion


You were on level 2 of the Spider Nest.
You worshipped Sif Muna.
Sif Muna was extremely pleased with you.
You were hungry.

You visited 4 branches of the dungeon, and saw 23 of its levels.
You also visited: Volcano.

You collected 2282 gold pieces.
You spent 845 gold pieces at shops.

Inventory:

Hand Weapons
 a - a +2 eveningstar (weapon)
 k - a +4 great mace of flaming
Missiles
 x - 39 tomahawks (quivered)
Armour
 l - the +2 pair of gloves "Qeinnego" (worn) {*Contam rPois MR+}
   (You found it on level 4 of the Lair of Beasts)

   It protects you from poison.
   It affects your resistance to hostile enchantments.
   It causes magical contamination when unequipped.
 s - a +4 ring mail of fire resistance (worn)
 u - a +0 buckler (worn)
 v - a +0 chain mail of fire resistance
 D - a +0 pair of boots of running (worn)
 H - a +2 cloak of magic resistance (worn)
Magical Staves
 b - an uncursed staff of conjuration
Jewellery
 g - an uncursed ring of see invisible
 I - a +5 amulet of reflection
 K - a +3 ring of protection (left hand)
 L - a ring of magical power (right hand)
 P - the amulet of the Camelopard (around neck) {Dismiss Str+4 Int+5 Dex+4}
   (You found it on level 9 of the Dungeon)

   [amulet of dismissal]

   It may teleport away creatures that harm you.
   It affects your strength (+4).
   It affects your intelligence (+5).
   It affects your dexterity (+4).
 U - an uncursed ring of fire {unknown}
Wands
 c - a wand of confusion (48/48)
 e - a wand of iceblast (5/15)
 f - a wand of lightning (8/15)
 y - a wand of confusion (23/48)
 A - a wand of acid (3/15)
 V - a wand of hasting (2/9)
Scrolls
 h - a scroll of torment
 i - 5 scrolls of remove curse
 j - 2 scrolls of fog
 r - 2 scrolls of identify
 z - 3 scrolls of teleportation
 C - a scroll of fear
 O - a scroll of magic mapping
 X - a scroll of recharging
 Z - 3 scrolls of amnesia
Potions
 d - 7 potions of curing
 m - 3 potions of agility
 o - 4 potions of resistance
 q - a potion of berserk rage
 t - 5 potions of lignification
 w - 6 potions of brilliance
 E - 3 potions of ambrosia
 F - a potion of invisibility
 J - 2 potions of heal wounds
 M - a potion of flight
 Q - a potion of haste
 Y - a potion of magic {unknown}
Books
 p - a book of Death

   Spells                             Type                      Level
   a - Corpse Rot                     Necromancy                   2
   b - Sublimation of Blood           Necromancy                   2
   c - Agony                          Necromancy                   5
   d - Dispel Undead                  Necromancy                   5
   e - Excruciating Wounds            Charms/Necromancy            5
   f - Bolt of Draining               Conjuration/Necromancy       5
 T - Sif Muna's Grimoire of Destructive Self-Improvement
   (Sif Muna gifted it to you on level 5 of the Lair of Beasts)

   Spells                             Type                      Level
   a - Song of Slaying                Charms                       2
   b - Throw Frost                    Conjuration/Ice              2
   c - Mephitic Cloud                 Conjuration/Poison/Air       3
   d - Sticky Flame                   Conjuration/Fire             4
   e - Venom Bolt                     Conjuration/Poison           5
   f - Bolt of Magma                  Conjuration/Fire/Earth       5
   g - Haste                          Charms                       6
Miscellaneous
 N - 2 sacks of spiders
Comestibles
 n - 5 meat rations
 B - 20 fruits
 R - 2 bread rations
 S - 8 slices of pizza


   Skills:
 - Level 6.1 Fighting
 + Level 7.4 Maces & Flails
 - Level 11.9 Armour
 - Level 3.5 Dodging
 - Level 2.1 Stealth
 - Level 4.0 Shields
 - Level 9.6 Spellcasting
 - Level 15.5 Conjurations
 - Level 6.0 Charms
 - Level 12.5 Fire Magic
 - Level 0.4 Air Magic
 - Level 3.1 Poison Magic
 - Level 10.2 Invocations


You had 7 spell levels left.
You knew the following spells:

 Your Spells              Type           Power        Failure   Level  Hunger
a - Flame Tongue          Conj/Fire      #####        1%          1    None
b - Venom Bolt            Conj/Pois      ######....   6%          5    ####...
c - Conjure Flame         Conj/Fire      ######..     1%          3    None
e - Swiftness             Chrm/Air       ####....     2%          2    None
f - Fireball              Conj/Fire      ######....   1%          5    ####...
r - Repel Missiles        Chrm/Air       ####..       2%          2    None
s - Sticky Flame          Conj/Fire      ######..     1%          4    #......
z - Iskenderun's Battles  Conj/Chrm      ######..     2%          5    ####...


Dungeon Overview and Level Annotations

Branches:
Dungeon (13/15)            Temple (0/1) D:6            Lair (6/6) D:10
  Swamp (0/4) Lair:4       Spider (1/4) Lair:3        Slime (0/5) Lair:5
    Orc (2/2) D:12            Elf (0/3) Orc:2        Vaults (0/5) D:13

Altars:
Cheibriados
Elyvilon
Fedhas
Hepliaklqana
Nemelex Xobeh
Okawaru
Qazlal
Sif Muna
Vehumet
Xom
Yredelemnul
Zin
Lugonu

Shops:
Orc:2 }}?}[


Innate Abilities, Weirdness & Mutations

You are resistant to torment.
Your stone body is resilient. (AC +11)
You are immune to poison.
Your large and strong wings let you fly indefinitely.
You resist negative energy. (rN+)
You are resistant to electric shocks. (rElec)
You can survive without breathing.
You are immune to petrification.
You are immune to rotting.
You have a pair of small horns on your head.
Scrolls take you a little longer to read.
You possess an exceptional clarity of mind.
You are frail. (-10% HP)
You are covered in fur. (AC +1)
Your muscles are very strong. (Str +4)


Message History

The amulet of the Camelopard {Dismiss Str+4 Int+5 Dex+4} vibrates suddenly!
The wolf spider disappears!
The redback closely misses you. x2
You are too injured to fight recklessly!
You are too injured to fight recklessly!
You closely miss the redback. Your headbutt misses the redback.
The redback bites you!
* * * LOW HITPOINT WARNING * * *
The amulet of the Camelopard {Dismiss Str+4 Int+5 Dex+4} vibrates suddenly!
The redback disappears!
The redback completely misses you. The redback barely misses you.
Casting: Sticky Flame
Confirm with . or Enter, or press ? or * to list all spells.
Aiming: Sticky Flame
Press: ? - help, Shift-Dir - straight line, f - redback
Aim: a redback (clinging)
The sticky flame hits the redback.
The redback is moderately wounded.
The redback is covered in liquid flames!
The redback burns!
The redback bites you!
You die...

# #.≈≈# .##...
#≈#≈#.##≈≈...#
#...#^...##...
.≈#.............
#.............#
#######........
.........#..#..
.}.....s## .#
...###.@# # ..
#....# #.....#
##....# ....#.#
#....#≈#
....#...≈
..#.#..##


You could see a redback (burning).

Vanquished Creatures
  Rupert (D:12)
  Frances (D:12)
  Kirke (Spider:1)
  An entropy weaver (Spider:1)
  The ghost of edsrzf the Party-goer, a journeyman DsAs of Uskayaw (Lair:4)
  Josephine (Lair:5)
  2 ogre magi
  2 catoblepae
  Erolcha (Volcano)
  5 hydras (Lair:6)
  A merfolk avatar (Lair:6)
  Erica (D:8)
  A centaur warrior (D:13)
  2 death yaks
  5 orc high priests (Orc:2)
  Urug (D:12)
  A sea snake (Lair:6)
  A deep elf knight (D:13)
  A skeletal warrior (D:13)
  An unseen horror (D:12)
  4 hill giants
  A deep elf archer (Orc:2)
  A lindwurm (Lair:5)
  Pikel (D:8)
  A harpy (Lair:6)
  2 orb spiders
  4 wolf spiders
  2 orc sorcerers (Orc:2)
  9 orc knights
  3 deep elf magi
  5 cyclopes
  7 elephants
  3 manticores
  3 griffons
  2 ugly things
  3 black mambas
  15 spiny frogs
  A torpor snail (Spider:1)
  6 rime drakes (Lair:6)
  An efreet (D:13)
  4 komodo dragons
  2 demonic crawlers (Spider:1)
  4 trolls
  A red devil (D:11)
  6 jumping spiders
  4 two-headed ogres
  5 polar bears
  A wind drake (Lair:6)
  Prince Ribbit (D:6)
  2 spriggans (Lair:5)
  10 tarantellas (Spider:1)
  A vampire (D:13)
  25 redbacks
  4 water elementals (D:13)
  4 wraiths (Lair:5)
  54 yaks
  8 hogs
  3 basilisks
  3 wyverns (Lair:6)
  8 hippogriffs
  A human (D:10)
  2 hell hounds (Lair:4)
  Edmund (D:5)
  Duvessa (D:6)
  A warg (Orc:2)
  23 water moccasins
  12 porcupines
  A sky beast (D:12)
  35 orc warriors
  4 black bears
  2 phantoms
  4 wasps
  5 ice beasts
  20 ogres
  12 wolves
  12 centaurs
  17 crocodiles
  3 big kobolds
  16 giant frogs
  A gnoll sergeant (D:9)
  A wyvern skeleton (D:9)
  Dowan (D:6)
  2 scorpions
  7 killer bees
  3 wights (D:13)
  4 howler monkeys
  An electric eel (Lair:6)
  5 crimson imps
  2 centaur zombies
  5 centaur skeletons
  A giant frog zombie (D:6)
  3 jellies
  A gnoll shaman (D:8)
  40 orc priests
  6 hounds
  A giant frog skeleton (D:7)
  24 orc wizards
  7 worker ants
  5 iguanas
  6 hell rats (Lair:2)
  4 hound skeletons
  A worker ant zombie (D:9)
  19 adders
  12 gnolls
  A howler monkey skeleton (D:5)
  58 river rats
  4 shadow imps
  An adder zombie (D:7)
  3 oozes (Lair:5)
  2 adder skeletons
  A worm (D:3)
  2 dart slugs (D:1)
  3 giant geckos
  89 orcs
  7 giant cockroaches
  10 goblins
  8 hobgoblins
  18 jackals
  17 kobolds
  6 quokkas
  3 ball pythons
  9 bats
  A giant gecko skeleton (D:8)
  4 giant newts
  A jackal skeleton (D:6)
  44 rats
  3 plants
884 creatures vanquished.

Vanquished Creatures (others)
  2 humans (Spider:1)
  2 slaves (D:8)
  An ogre (D:8)
  A centaur zombie (D:8)
  2 gnolls (D:8)
  A quokka (D:8)
  8 fungi
  20 plants
37 creatures vanquished.

Grand Total: 921 creatures vanquished

Notes
Turn   | Place    | Note
-------+----------+-------------------------------------------
     0 | D:1      | TheGoonsmith the Gargoyle Fire Elementalist began the quest for the Orb.
     0 | D:1      | Reached XP level 1. HP: 10/10 MP: 3/3
   318 | D:1      | Reached XP level 2. HP: 12/15 MP: 3/5
   454 | D:1      | Reached skill level 2 in Conjurations
   586 | D:1      | Reached XP level 3. HP: 16/19 MP: 0/6
  1342 | D:2      | Reached XP level 4. HP: 24/24 MP: 3/8
  1427 | D:2      | Reached skill level 3 in Conjurations
  1776 | D:2      | Found an iron altar of Okawaru.
  2059 | D:2      | Reached XP level 5. HP: 28/28 MP: 5/9
  2326 | D:3      | Noticed a centaur
  2340 | D:3      | Killed a centaur
  2340 | D:3      | Reached skill level 4 in Conjurations
  2657 | D:3      | Reached XP level 6. HP: 28/32 MP: 4/11
  3011 | D:3      | Gained mutation: You are frail. (-10% HP) [potion of mutation]
  3011 | D:3      | Gained mutation: Your muscles are strong. (Str +2) [potion of mutation]
  3011 | D:3      | Gained mutation: You have a pair of small horns on your head. [potion of mutation]
  3020 | D:3      | HP: 1/28 [orc/morningstar (9)]
  3656 | D:4      | Gained mutation: You are covered in fur. (AC +1) [potion of mutation]
  3656 | D:4      | Gained mutation: Your muscles are very strong. (Str +4) [potion of mutation]
  3767 | D:4      | Learned a level 4 spell: Sticky Flame
  3771 | D:4      | Learned a level 3 spell: Conjure Flame
  4163 | D:4      | Reached skill level 1 in Shields
  4163 | D:4      | Reached skill level 5 in Conjurations
  4163 | D:4      | Reached XP level 7. HP: 32/32 MP: 2/12
  4363 | D:4      | Reached skill level 5 in Fire Magic
  4564 | D:5      | Entered Level 5 of the Dungeon
  4749 | D:5      | Found a deep blue altar of Sif Muna.
  4779 | D:5      | Became a worshipper of Sif Muna the Loreminder
  4917 | D:5      | Reached skill level 6 in Conjurations
  4917 | D:5      | Reached XP level 8. HP: 36/36 MP: 8/14
  5147 | D:5      | Noticed Edmund
  5527 | D:6      | Noticed Prince Ribbit
  5542 | D:6      | Killed Prince Ribbit
  5777 | D:5      | Killed Edmund
  5850 | D:5      | Learned a level 5 spell: Fireball
  5907 | D:6      | Reached * piety under Sif Muna
  5907 | D:6      | Reached skill level 7 in Conjurations
  6043 | D:6      | Noticed Dowan
  6045 | D:6      | Noticed Duvessa
  6071 | D:6      | Killed Dowan
  6161 | D:6      | Killed Duvessa
  6265 | D:6      | Reached XP level 9. HP: 40/40 MP: 9/16
  6344 | D:6      | Found a shimmering altar of Xom.
  6345 | D:6      | Found a hazy altar of Hepliaklqana.
  6346 | D:6      | Noticed a spectral ugly thing
  6357 | D:6      | Found a sparkling altar of Nemelex Xobeh.
  6504 | D:6      | Reached skill level 5 in Spellcasting
  6511 | D:6      | Found a basalt altar of Yredelemnul.
  6675 | D:6      | Found a staircase to the Ecumenical Temple.
  6950 | D:6      | Reached skill level 8 in Conjurations
  7059 | D:6      | Found a white marble altar of Elyvilon.
  7401 | D:7      | Reached ** piety under Sif Muna
  7413 | D:7      | Found a radiant altar of Vehumet.
  8402 | D:8      | Reached skill level 9 in Conjurations
  8509 | D:8      | Noticed Pikel
  8522 | D:8      | Killed Pikel
  8522 | D:8      | Reached XP level 10. HP: 45/45 MP: 9/19
  8528 | D:8      | Reached *** piety under Sif Muna
  8794 | D:8      | Found a snail-covered altar of Cheibriados.
  9001 | D:8      | Found a glowing silver altar of Zin.
  9112 | D:8      | Noticed Erica
  9124 | D:8      | Killed Erica
  9124 | D:8      | Reached skill level 10 in Conjurations
  9542 | D:9      | Found a blossoming altar of Fedhas.
  9546 | D:9      | Found a stormy altar of Qazlal.
  9663 | D:9      | Reached **** piety under Sif Muna
  9728 | D:9      | Found a flagged portal.
  9881 | D:9      | Reached skill level 10 in Fire Magic
 10144 | D:9      | Got a warped copper amulet
 10288 | D:9      | Identified the amulet of the Camelopard {Dismiss Str+4 Int+5 Dex+4} (You found it on level 9 of the Dungeon)
 10418 | D:9      | Reached XP level 11. HP: 48/48 MP: 21/21
 10496 | D:9      | Reached skill level 11 in Conjurations
 10935 | D:9      | Reached ***** piety under Sif Muna
 10938 | D:9      | Identified Quyluotz's Reference Book on Ghastly Creation (Sif Muna gifted it to you on level 9 of the Dungeon)
 10938 | D:9      | Received a gift from Sif Muna
 11235 | D:10     | Entered Level 10 of the Dungeon
 11237 | D:10     | Reached skill level 1 in Invocations
 11704 | D:10     | Reached skill level 5 in Invocations
 11974 | D:10     | Found a staircase to the Lair.
 12040 | D:10     | Noticed a hill giant
 12046 | D:10     | Killed a hill giant
 12470 | D:10     | You fall through a shaft for 3 floors!
 12472 | D:13     | Noticed a skeletal warrior
 12678 | D:13     | Noticed a griffon
 12692 | D:13     | Killed a griffon
 12742 | D:13     | Noticed a centaur warrior
 12750 | D:13     | Killed a centaur warrior
 12750 | D:13     | Reached XP level 12. HP: 10/53 MP: 17/22
 13067 | D:13     | Reached skill level 10 in Invocations
 13159 | D:13     | Reached skill level 1 in Fighting
 13301 | D:13     | Noticed a deep elf knight
 13304 | D:13     | Killed a deep elf knight
 13320 | D:13     | Noticed an ogre mage
 13518 | D:12     | Gained mutation: You possess an exceptional clarity of mind. [potion of beneficial mutation]
 13522 | D:12     | Learned a level 2 spell: Repel Missiles
 13525 | D:12     | Learned a level 2 spell: Swiftness
 13567 | D:12     | Noticed Urug
 13575 | D:12     | Killed Urug
 13575 | D:12     | Reached skill level 5 in Fighting
 13975 | D:12     | Found a staircase to the Orcish Mines.
 15033 | D:11     | Reached skill level 5 in Armour
 15339 | Lair:1   | Entered Level 1 of the Lair of Beasts
 16252 | Lair:1   | Reached XP level 13. HP: 66/66 MP: 14/23
 17036 | Lair:2   | Learned a level 5 spell: Lightning Bolt
 17094 | Lair:2   | Received a gift from Sif Muna
 17114 | Lair:2   | Learned a level 5 spell: Iskenderun's Battlesphere
 17556 | Lair:2   | Reached skill level 1 in Charms
 17851 | Lair:3   | Found a hole to the Spider Nest.
 18451 | Lair:3   | Got a vibrating iron ring
 18587 | Lair:3   | Identified the ring "Fositsiss" {+Blink rPois rC- Str-4 SInv} (You found it on level 3 of the Lair of Beasts)
 19195 | D:11     | Found a corrupted altar of Lugonu.
 19576 | D:12     | Noticed Frances
 19585 | D:12     | Killed Frances
 19745 | D:12     | Noticed Rupert
 19764 | D:12     | Killed Rupert
 19764 | D:12     | Reached skill level 12 in Conjurations
 20243 | Orc:1    | Entered Level 1 of the Orcish Mines
 20296 | Orc:1    | Noticed an ogre mage
 20303 | Orc:1    | Killed an ogre mage
 20590 | Orc:2    | Entered Level 2 of the Orcish Mines
 20630 | Orc:2    | Identified Ymubiv's Collected Works on Confrontation (Sif Muna gifted it to you on level 2 of the Orcish Mines)
 20630 | Orc:2    | Received a gift from Sif Muna
 21013 | D:13     | Reached skill level 5 in Charms
 21024 | D:13     | Gained mutation: Your large and strong wings let you fly indefinitely. [Gargoyle growth]
 21024 | D:13     | Reached XP level 14. HP: 58/72 MP: 11/26
 21411 | D:13     | Found a gate to the Vaults.
 21503 | D:13     | Reached skill level 13 in Conjurations
 22208 | Orc:2    | Paralysed by an orc sorcerer for 3 turns
 23111 | Orc:2    | Found Ydymif's Antique Armour Boutique.
 23154 | Orc:2    | Found a staircase to the Elven Halls.
 24444 | Orc:2    | Reached skill level 10 in Armour
 24630 | Orc:2    | Gained mutation: Scrolls take you a little longer to read. [a neqoxec]
 24896 | Orc:2    | Found Mef Ippesh's Magic Scroll Shoppe.
 24896 | Orc:2    | Found Emeem's Gadget Shoppe.
 24897 | Orc:2    | Found Ridoat's Gadget Shoppe.
 24897 | Orc:2    | Found Xiqeposi's Gadget Emporium.
 25126 | Orc:2    | Bought a crude leather armour for 245 gold pieces
 25128 | Orc:2    | Identified the +0 leather armour of Fashionability {+Inv} (You bought it in a shop on level 2 of the Orcish Mines)
 25129 | Orc:2    | Bought a runed cloak for 157 gold pieces
 25129 | Orc:2    | Bought an embroidered robe for 24 gold pieces
 25129 | Orc:2    | Bought a pair of runed boots for 157 gold pieces
 25129 | Orc:2    | Bought a glowing cloak for 157 gold pieces
 25161 | Orc:2    | Identified a +0 pair of boots of running (You bought it in a shop on level 2 of the Orcish Mines)
 25539 | Orc:2    | Bought a scroll of identify for 30 gold pieces
 25539 | Orc:2    | Bought a scroll of identify for 30 gold pieces
 25539 | Orc:2    | Bought a scroll of teleportation for 45 gold pieces
 26047 | Lair:4   | Noticed edsrzf's ghost (journeyman DsAs)
 26161 | Lair:4   | Killed edsrzf's ghost
 26257 | Lair:4   | Found a dark tunnel.
 26313 | Volcano  | Entered a volcano
 26392 | Volcano  | Found a bloodstained altar of Trog.
 26402 | Volcano  | Noticed Erolcha
 26409 | Volcano  | Killed Erolcha
 26813 | Lair:4   | Got a pair of brightly glowing gloves
 26816 | Lair:4   | Identified the +2 pair of gloves "Qeinnego" {*Contam rPois MR+} (You found it on level 4 of the Lair of Beasts)
 27138 | Lair:4   | Found a staircase to the Swamp.
 27790 | Lair:5   | Noticed Josephine
 27798 | Lair:5   | Killed Josephine
 27798 | Lair:5   | Reached XP level 15. HP: 75/75 MP: 14/28
 28007 | Lair:5   | Found a staircase to the Slime Pits.
 28125 | Lair:5   | Identified Sif Muna's Grimoire of Destructive Self-Improvement (Sif Muna gifted it to you on level 5 of the Lair of Beasts)
 28125 | Lair:5   | Received a gift from Sif Muna
 28533 | Lair:6   | Entered Level 6 of the Lair of Beasts
 28907 | Lair:6   | Reached skill level 14 in Conjurations
 28907 | Lair:6   | Reached XP level 16. HP: 79/79 MP: 29/29
 29109 | Lair:6   | Reached skill level 15 in Conjurations
 29608 | Lair:6   | Received a gift from Sif Muna
 30627 | Lair:6   | Reached skill level 1 in Maces & Flails
 31240 | Lair:6   | Got a jewelled quarterstaff
 31256 | Lair:6   | Identified the cursed +2 quarterstaff "Ympaceh" {distort, *Corrode *Confuse Str+6} (You found it on level 6 of the Lair of Beasts)
 31618 | Lair:1   | Upgraded the game from 0.19-a0-1498-g0b85ae9 to 0.19-a0-1508-g2ac1aae
 31625 | Lair:1   | Learned a level 5 spell: Venom Bolt
 31725 | Spider:1 | Entered Level 1 of the Spider Nest
 31739 | Spider:1 | Reached skill level 1 in Poison Magic
 32348 | Spider:1 | Reached skill level 5 in Maces & Flails
 32574 | Spider:1 | Noticed Kirke
 32580 | Spider:1 | Killed Kirke
 32890 | Spider:1 | You fall through a shaft!
 32964 | Spider:2 | Slain by a redback

Vault maps used:
D:1:      sevenhm_arrival_forest_fort_large_1, serial_curves, eino_curves_01,
          eino_curves_03
D:2:      okawaru_metal_pillars_1_2, minmay_rats_cheesy_pizza
D:5:      nicolae_overflow_crystal_walls, first_bread, uniq_edmund
D:6:      kennysheep_ying_yang, regret_index_temple_of_mockery,
          nemelex_xobeh_ov_fountains_minmay, minmay_strange_pillars,
          nicolae_lava_and_water, uniq_prince_ribbit1, uniq_duvessa
D:7:      lemuel_coloured_pillars_altar
D:8:      cheibriados_altar_wand_db, zin_treasury, uniq_erica, uniq_pikel
D:9:      grunt_temple_overflow_forces_of_nature, enter_bailey_8
D:10:     minmay_lair_entry_grove, grunt_livestock
D:11:     portal_ice_cave_entry_pillars_1, lemuel_hellish_altar
D:12:     david_orc_4, dk_noncrumbling_3, hangedman_abyss_or_decor_clamps,
          uniq_rupert, uniq_frances, uniq_urug
D:13:     hangedman_vaults_entry_quadrant_bands, lab_entry_generic,
          minmay_misc_feat_five, nicolae_underground_beach
Lair:1:   serial_bayou_pond_b, beast_lair_carwin_11
Lair:2:   grunt_megastairs_3, bh_autumn_forest_stairs
Lair:3:   spider_nest_entry_funnel_web, grunt_megastairs_5
Lair:4:   swamp_mist_pool, enter_volcano_3, lemuel_fruit_tree,
          lemuel_fruit_fields, serial_bayou_shore_b
Lair:5:   nicolae_slime_entry_slimehenge, minmay_holes, forest_entry_grove,
          uniq_josephine
Lair:6:   gammafunk_lair_ancient_temple, infiniplex_staircase_pool
Spider:1: uniq_kirke
Orc:1:    serial_shops, nicolae_shop_crystal
Orc:2:    st_orc_pillars, serial_shops, nicolae_shop_crystal
Volcano:  kennysheep_volcano_temple

Skill      XL: |  1  2  3  4  5  6  7  8  9 10 11 12 13 14 15 16 |
---------------+-------------------------------------------------+-----
Conjurations   | 2 3 4 5 6 7 9 10 11 12 13 14 15 | 15.5
Spellcasting   | 3 4 6 7 8 9 |  9.6
Fire Magic     | 4 5 6 9 10 11 12 | 12.5
Shields        | 1 3 4 |  4.0
Invocations    | 9 10 | 10.2
Fighting       | 6 |  6.1
Armour         | 7 11 | 11.9
Dodging        | 3 |  3.5
Charms         | 5 6 |  6.0
Maces & Flails | 7 |  7.4
Poison Magic   | 3 |  3.1
Stealth        | |  2.1
Air Magic      | |  0.4

Action                   |  1- 3 |  4- 6 |  7- 9 | 10-12 | 13-15 | 16-18 || total
-------------------------+-------+-------+-------+-------+-------+-------++-------
Melee: Short sword       |     4 |       |       |       |       |       ||     4
       Mace              |     6 |    50 |    39 |    59 |       |       ||   154
       Quarterstaff      |       |     4 |       |       |       |       ||     4
       Morningstar       |       |     1 |       |       |       |       ||     1
       Headbutt          |       |       |     5 |    28 |    39 |    65 ||   137
       Eveningstar       |       |       |       |    49 |   169 |   241 ||   459
 Cast: Flame Tongue      |    46 |   159 |   281 |   502 |   772 |   216 ||  1976
       Sticky Flame      |       |       |    16 |    45 |   111 |    62 ||   234
       Conjure Flame     |       |       |     1 |     2 |     1 |       ||     4
       Fireball          |       |       |       |    56 |   103 |    28 ||   187
       Iskenderun's Batt |       |       |       |       |    17 |     9 ||    26
       Repel Missiles    |       |       |       |       |     1 |       ||     1
       Swiftness         |       |       |       |       |     1 |       ||     1
       Venom Bolt        |       |       |       |       |       |    10 ||    10
Invok: Divine Energy     |       |       |     1 |     1 |     1 |       ||     3
       Stop Divine Energ |       |       |       |     1 |     1 |       ||     2
       Forget Spell      |       |       |       |       |     1 |       ||     1
       Channel Magic     |       |       |       |       |     3 |     1 ||     4
 Abil: Fly               |       |       |       |       |       |     1 ||     1
       Stop Flying       |       |       |       |       |       |     1 ||     1
  Use: Scroll            |       |     6 |     9 |     7 |    18 |     3 ||    43
       Potion            |       |     6 |     3 |     3 |     1 |       ||    13
 Stab: Sleeping          |       |     1 |       |       |       |       ||     1
  Eat: Chunk             |     2 |     5 |    14 |    35 |    42 |    16 ||   114
       Bread ration      |       |     1 |       |     1 |     3 |       ||     5
       Pizza             |       |       |     1 |       |       |       ||     1
       Beef jerky        |       |       |       |     1 |     3 |       ||     4
       Fruit             |       |       |       |       |     3 |       ||     3
       Meat ration       |       |       |       |       |     1 |     1 ||     2
Armor: Robe              |    10 |    54 |    64 |       |     1 |       ||   129
       Ring mail         |       |       |     5 |   214 |   501 |   515 ||  1235
Dodge: Dodged            |    16 |    93 |    95 |   222 |   492 |   449 ||  1367
       Deflected         |       |       |       |       |       |     1 ||     1
Block: Buckler           |       |     1 |    42 |   106 |   200 |   166 ||   515
       Reflection        |       |       |     1 |       |       |       ||     1
